 Dungeon Sprint DCSS version 0.31-a0-705-ga145531891 (webtiles) character file.

Game seed: 12685878202507681600

47156 rocky1 the Djinni Blade (level 14, -32/132 HPs)
             Began as a Djinni Gladiator on Sept 9, 2023.
             Was an Initiate of Gozag.
             Annihilated by an ettin
             ... wielding a +0 dire flail
              (39 damage)
             ... in the Dungeon (Sprint IX: "|||||||||||||||||||||||||||||") on Sept 10, 2023.
             The game lasted 00:22:17 (5552 turns).

rocky1 the Djinni Blade (Djinni Gladiator)          Turns: 5552, Time: 00:22:18

Health: -32/132    AC: 15    Str: 16    XL:     14   Next: 80%
Gold:   4151       EV: 19    Int: 14    God:    Gozag SH:  5 Dex: 23

rFire   + + .        i - +1 great sword (flame)
rCold   + + .        (shield currently unavailable)
rNeg    . . .        x - +3 ring mail {Will+}
rPois   ∞            A - +0 helmet "Zekakhops" {+Blink rC++ Int+4 Dex-3}
rElec   .            E - +1 cloak
rCorr   .            C - +0 pair of gloves {Str+3}
SInv    .            (boots unavailable)
Will    ++...        v - amulet of reflection
Stlth   +            b - ring of protection from cold
HPRegen 0.42/turn    u - +6 ring of dexterity
MPRegen 0.00/turn

%: no teleportation, reflection, infuse magic (-33 HP)
@: gold aura, flying
A: sickness immunity, fire resistance 2, cold vulnerability 1, float, innate
caster, HP casting, extra vitality 1
a: Renounce Religion, Evoke Blink, Potion Petition, Call Merchant, Bribe Branch


You were in the Dungeon.
You worshipped Gozag.
Gozag was most pleased with you.
You visited 1 branch You collected 14187 gold pieces.
You spent 4485 gold pieces at shops.
You paid 5551 gold pieces to Gozag.

Inventory:

Hand Weapons
 g - a +4 scimitar of flaming
 i - a +1 great sword of flaming (weapon)
 l - a +2 scimitar of holy wrath
 q - a +1 double sword
 B - a +2 great sword of holy wrath
Missiles
 d - 3 throwing nets (quivered)
 e - a javelin
Armour
 n - a +1 tower shield
 x - a +3 ring mail of willpower (worn)
 A - the +0 helmet "Zekakhops" (worn) {+Blink rC++ Int+4 Dex-3}
   (You acquired it in the Dungeon)

   Int+4:     It affects your intelligence (+4).
   Dex-3:     It affects your dexterity (-3).
   rC++:      It greatly protects you from cold.
   +Blink:    It lets you blink.
 C - a +0 pair of gloves of strength (worn)
 E - a +1 cloak (worn)
Jewellery
 b - a ring of protection from cold (left hand)
 c - a +6 ring of dexterity
 u - a +6 ring of dexterity (right hand)
 v - an amulet of reflection (around neck)
 w - a ring of see invisible
 D - a ring of ice
Talismans
 G - a serpent talisman
Wands
 k - a wand of iceblast (10)
Scrolls
 a - a scroll of enchant armour
 j - 3 scrolls of blinking
 m - 2 scrolls of revelation
 p - a scroll of torment
 r - 3 scrolls of fear
 s - 6 scrolls of fog
 t - 3 scrolls of identify
 y - 3 scrolls of enchant weapon
 z - a scroll of vulnerability
Potions
 f - 7 potions of curing
 h - 2 potions of berserk rage
 o - 3 potions of brilliance
 F - a potion of might
 H - 2 potions of enlightenment
 I - 5 potions of heal wounds
 J - a potion of ambrosia


   Skills:
 + Level 23.0 Fighting
 * Level 24.8 Long Blades
 - Level 1.5 Throwing
 - Level 9.9 Armour
 - Level 11.3 Dodging
 - Level 6.5 Spellcasting
 - Level 6.5 Conjurations
 - Level 6.5 Hexes
 - Level 6.5 Summonings
 - Level 6.5 Necromancy
 - Level 6.5 Translocations
 - Level 6.5 Transmutations
 - Level 6.5 Fire Magic
 - Level 6.5 Ice Magic
 - Level 6.5 Air Magic
 - Level 6.5 Earth Magic
 - Level 6.5 Poison Magic


You knew the following spells:

 Your Spells              Type           Power      Damage    Failure   Level
a - Sting                 Tmut/Pois      88%        1d7       1%          1
b - Wereblood             Tmut           22%        N/A       2%          2
c - Mephitic Cloud        Conj/Pois/Air  22%        N/A       5%          3
d - Frozen Ramparts       Ice            44%        1d7       5%          3
e - Summon Lightning Spi  Summ/Air       22%        N/A       17%         4
f - Summon Mana Viper     Hex/Summ       22%        N/A       43%         5
Your spell library was empty.

Dungeon Overview and Level Annotations

Branches:
Dungeon (1/1)

Altars:
Cheibriados
Dithmenos
Elyvilon
Fedhas
Gozag
Hepliaklqana
Makhleb
Nemelex Xobeh
Okawaru
Qazlal
Ru
Trog
Uskayaw
Wu Jian
Xom
Yredelemnul
Zin
The Shining One
Jiyva
Lugonu

Shops:
D ?[=?=((!


Innate Abilities, Weirdness & Mutations

You are immune to sickness and miasma.
You are immune to poison.
Your flesh is very heat resistant. (rF++)
You are vulnerable to cold. (rC-)
You float through the air rather than walking.
You learn spells naturally, not from books.
Your magical power is your life essence.
You have superior vitality. (+4 MHP)


Message History

The deep troll earth mage bites you! The deep troll earth mage misses you.
The deep troll earth mage claws you but does no damage.
You barely miss the deep troll earth mage.
The deep troll earth mage bites you! The deep troll earth mage misses you.
The deep troll earth mage claws you.
You slash the deep troll earth mage! You burn the deep troll earth mage.
The deep troll earth mage is moderately wounded.
You slash the deep troll earth mage! You burn the deep troll earth mage.
The deep troll earth mage is severely wounded.
The deep troll earth mage bites you!
You block the deep troll earth mage's attack. x2
You hit the deep troll earth mage. You burn the deep troll earth mage.
The deep troll earth mage is almost dead.
The deep troll earth mage casts a spell next to you.
The wall shatters!
The blast of rock fragments hits you!
You slash the deep troll earth mage! You burn the deep troll earth mage.
You kill the deep troll earth mage!
The ettin hits you with a +0 dire flail!
The ettin barely misses you.
You see here 135 gold pieces.
You slice the ettin!! You burn the ettin.
The ettin is moderately wounded.
The ettin hits you with a +0 dire flail!! x2
* * * LOW HITPOINT WARNING * * *
You hit the ettin. You burn the ettin.
The ettin is heavily wounded.
The ettin hits you but does no damage. The ettin closely misses you.
You hit the ettin. You burn the ettin.
The ettin is heavily wounded.
You slice the ettin!! You burn the ettin.
The ettin is almost dead.
The ettin hits you with a +0 dire flail!
* * * LOW HITPOINT WARNING * * *
The ettin closely misses you.
You hit the ettin but do no damage.
The ettin is almost dead.
The ettin closely misses you.
The ettin hits you with a +0 dire flail!!!
You die...
Your body crumbles into a pile of gold.

.▓.▓.▓)▓.▓[▓.▓.▓.▓
.▓.▓.▓)▓.▓.▓.▓.▓.▓
.▓.▓.▓)▓.▓[▓.▓.▓.▓
.▓.▓.▓)▓.▓[▓.▓.▓.▓
.▓.▓.▓.▓.▓[▓.▓.▓.▓R▓
.▓.▓.▓)▓.▓[▓.▓'▓.▓C▓
.▓.▓.▓)▓.▓[▓.♣.♣.▓.▓
.▓.▓.▓.▓.▓.▓.♣.♣.▓C▓
.▓.▓)▓.▓.▓)▓.♣.♣@▓C▓
.▓'▓.▓)▓.▓.▓.♣.♣C▓T▓
.▓.▓.▓.▓.▓)▓.♣.♣.▓.▓
.▓.▓.▓.▓.▓)▓.♣.♣.▓Q▓
.▓.▓.▓)▓.▓)▓.♣.♣.▓$▓
.▓.▓.▓[▓∩▓)▓.♣.♣.▓$▓
.▓.▓.▓)▓.▓)▓.♣.♣.▓.▓
.▓)▓.▓)▓.▓=▓.♣'♣.▓.▓
.▓)▓.▓[▓.▓.▓.▓.▓.▓.▓


You could see an ettin.

Vanquished Creatures
  Aizul (D)
  A frost giant (D)
  A broodmother (D)
  3 stone giants (D)
  An eleionoma (D)
  A bunyip (D)
  Nessos (D)
  A merfolk impaler (D)
  2 ettins (D)
  A spriggan air mage (D)
  An entropy weaver (D)
  A jorogumo (D)
  3 ice dragons (D)
  A catoblepas (D)
  3 hydras (D)
  Erolcha (D)
  A merfolk avatar (D)
  2 alligators (D)
  A radroach (D)
  2 boulder beetles (D)
  6 orc high priests (D)
  A tengu warrior (D)
  3 deep troll earth magi (D)
  A spriggan berserker (D)
  A naga sharpshooter (D)
  A shock serpent (D)
  A pharaoh ant (D)
  A sea snake (D)
  An orb spider (D)
  2 lindwurms (D)
  2 steelbarb worms (D)
  9 orc knights (D)
  A mana viper (D)
  An ugly thing (D)
  2 deep elf pyromancers (D)
  6 manticores (D)
  An orc sorcerer (D)
  3 will-o-the-wisps (D)
  A black mamba (D)
  A gargoyle (D)
  A torpor snail (D)
  2 naga magi (D)
  3 cane toads (D)
  2 efreet (D)
  A wind drake (D)
  A hornet (D)
  3 tyrant leeches (D)
  A slime creature (D)
  A water elemental (D)
  3 yaks (D)
  2 basilisks (D)
  A redback (D)
  A vampire mosquito (D)
  3 nagas (D)
  6 water moccasins (D)
  9 orc warriors (D)
  A black bear (D)
  A wolf (D)
  A centaur (D)
  2 bullfrogs (D)
  A kobold brigand (D)
  A scorpion (D)
  4 orc priests (D)
  A hound (D)
  An orc wizard (D)
  2 iguanas (D)
  4 worms (D)
  8 orcs (D)
  An endoplasm (D)
  A goblin (D)
  A jackal (D)
  A kobold (D)
  A frilled lizard (D)
146 creatures vanquished.

Vanquished Creatures (others)
  A fire giant (D)
  A two-headed ogre (D)
  A centaur (D)
  4 foxfires (D)
7 creatures vanquished.

Grand Total: 153 creatures vanquished

Notes
Turn   | Place    | Note
-------+----------+-------------------------------------------
     0 | D        | rocky1 the Djinni Gladiator began the quest for the Orb.
     0 | D        | Reached XP level 1. HP: 18/18 MP: 0/0
     8 | D        | Reached skill level 3 in Long Blades
    15 | D        | Reached XP level 2. HP: 20/25 MP: 0/0
    38 | D        | Noticed a scorpion
    38 | D        | Noticed a black bear
    42 | D        | Reached skill level 5 in Fighting
    42 | D        | Reached skill level 4 in Long Blades
    42 | D        | Reached XP level 3. HP: 33/33 MP: 0/0
    42 | D        | Learned a level 1 spell: Sting
    43 | D        | Killed a black bear
    44 | D        | Reached skill level 5 in Long Blades
    44 | D        | Reached XP level 4. HP: 43/43 MP: 0/0
    44 | D        | Reached XP level 5. HP: 48/48 MP: 0/0
    44 | D        | Learned a level 2 spell: Wereblood
    51 | D        | Reached skill level 6 in Long Blades
    52 | D        | Reached XP level 6. HP: 46/58 MP: 0/0
   271 | D        | Found a snail-covered altar of Cheibriados.
   271 | D        | Found a shadowy altar of Dithmenos.
   271 | D        | Found a white marble altar of Elyvilon.
   271 | D        | Found a blossoming altar of Fedhas.
   271 | D        | Found an opulent altar of Gozag.
   272 | D        | Found a hazy altar of Hepliaklqana.
   273 | D        | Found a viscous altar of Jiyva.
   275 | D        | Found a corrupted altar of Lugonu.
   276 | D        | Found a burning altar of Makhleb.
   277 | D        | Found a sparkling altar of Nemelex Xobeh.
   278 | D        | Found an iron altar of Okawaru.
   279 | D        | Became a worshipper of Gozag Ym Sagoz the Greedy
   280 | D        | Found a stormy altar of Qazlal.
   281 | D        | Found a sacrificial altar of Ru.
   283 | D        | Found a bloodstained altar of Trog.
   284 | D        | Found a hide-covered altar of Uskayaw.
   286 | D        | Found an ornate altar of the Wu Jian Council.
   287 | D        | Found a shimmering altar of Xom.
   288 | D        | Found a basalt altar of Yredelemnul.
   289 | D        | Found a glowing silver altar of Zin.
   290 | D        | Found a glowing golden altar of the Shining One.
   441 | D        | Noticed a yak
   441 | D        | Noticed a hornet
   441 | D        | Noticed a two-headed ogre
   445 | D        | Killed a two-headed ogre
   446 | D        | Reached skill level 8 in Long Blades
   446 | D        | Reached XP level 7. HP: 35/66 MP: 0/0
   446 | D        | Learned a level 3 spell: Mephitic Cloud
   458 | D        | Killed a hornet
   459 | D        | Reached skill level 9 in Long Blades
   466 | D        | Killed a yak
   467 | D        | Reached XP level 8. HP: 39/76 MP: 0/0
   705 | D        | Noticed a boulder beetle
   705 | D        | Noticed an efreet
   705 | D        | Noticed a manticore
   705 | D        | Noticed a slime creature
   705 | D        | Noticed an efreet
   705 | D        | Noticed a gargoyle
   712 | D        | Killed a gargoyle
   713 | D        | Reached skill level 10 in Long Blades
   716 | D        | Killed an efreet
   717 | D        | Reached skill level 15 in Fighting
   717 | D        | Reached XP level 9. HP: 42/84 MP: 0/0
   717 | D        | Learned a level 3 spell: Frozen Ramparts
   731 | D        | Killed a manticore
   732 | D        | Reached skill level 11 in Long Blades
   736 | D        | Killed an efreet
   756 | D        | Killed a boulder beetle
   757 | D        | Reached skill level 12 in Long Blades
  1014 | D        | Noticed a cane toad
  1018 | D        | Reached XP level 10. HP: 95/95 MP: 0/0
  1029 | D        | Reached skill level 1 in Armour
  1034 | D        | Killed a cane toad
  1035 | D        | Reached skill level 1 in Spellcasting
  1035 | D        | Reached skill level 1 in Conjurations
  1035 | D        | Reached skill level 1 in Hexes
  1035 | D        | Reached skill level 1 in Summonings
  1035 | D        | Reached skill level 1 in Necromancy
  1035 | D        | Reached skill level 1 in Translocations
  1035 | D        | Reached skill level 1 in Transmutations
  1035 | D        | Reached skill level 1 in Fire Magic
  1035 | D        | Reached skill level 1 in Ice Magic
  1035 | D        | Reached skill level 1 in Air Magic
  1035 | D        | Reached skill level 1 in Earth Magic
  1035 | D        | Reached skill level 1 in Poison Magic
  1109 | D        | Noticed a torpor snail
  1109 | D        | Noticed a cane toad
  1110 | D        | Noticed a catoblepas
  1114 | D        | Reached skill level 5 in Dodging
  1124 | D        | Killed a torpor snail
  1129 | D        | Noticed a cane toad
  1132 | D        | Killed a catoblepas
  1134 | D        | Killed a cane toad
  1430 | D        | Reached skill level 5 in Armour
  1430 | D        | Reached XP level 11. HP: 98/103 MP: 0/0
  1430 | D        | Learned a level 4 spell: Summon Lightning Spire
  1440 | D        | Reached skill level 13 in Long Blades
  1478 | D        | Noticed a lindwurm
  1478 | D        | Noticed a lindwurm
  1495 | D        | Killed a lindwurm
  1502 | D        | Killed a lindwurm
  1708 | D        | Noticed Erolcha
  1714 | D        | Killed Erolcha
  1770 | D        | Bought a +6 ring of dexterity for 504 gold pieces
  1770 | D        | Bought an amulet of reflection for 420 gold pieces
  1770 | D        | Bought a ring of see invisible for 210 gold pieces
  1937 | D        | Upgraded the game from 0.31-a0-703-gcfe89afef6 to
                  | 0.31-a0-705-ga145531891
  2071 | D        | Noticed an orc knight
  2076 | D        | Noticed an orc knight
  2087 | D        | Noticed an orc sorcerer
  2091 | D        | Killed an orc knight
  2107 | D        | Killed an orc knight
  2120 | D        | Killed an orc sorcerer
  2121 | D        | Reached skill level 14 in Long Blades
  2422 | D        | Found Fuusuys's Magic Scroll Boutique.
  2422 | D        | Noticed an orc high priest
  2422 | D        | Noticed an orc high priest
  2422 | D        | Noticed an orc knight
  2422 | D        | Noticed an orc knight
  2422 | D        | Noticed an orc high priest
  2426 | D        | Killed an orc high priest
  2427 | D        | Reached skill level 5 in Spellcasting
  2427 | D        | Reached skill level 5 in Conjurations
  2427 | D        | Reached skill level 5 in Hexes
  2427 | D        | Reached skill level 5 in Summonings
  2427 | D        | Reached skill level 5 in Necromancy
  2427 | D        | Reached skill level 5 in Translocations
  2427 | D        | Reached skill level 5 in Transmutations
  2427 | D        | Reached skill level 5 in Fire Magic
  2427 | D        | Reached skill level 5 in Ice Magic
  2427 | D        | Reached skill level 5 in Air Magic
  2427 | D        | Reached skill level 5 in Earth Magic
  2427 | D        | Reached skill level 5 in Poison Magic
  2428 | D        | Noticed an orc high priest
  2434 | D        | Killed an orc knight
  2435 | D        | Reached XP level 12. HP: 91/112 MP: 0/0
  2444 | D        | Found Dethroerr's Jewellery Shop.
  2450 | D        | Killed an orc high priest
  2451 | D        | Reached skill level 10 in Dodging
  2451 | D        | Found Girha's Armour Boutique.
  2454 | D        | Killed an orc high priest
  2459 | D        | Killed an orc high priest
  2461 | D        | Noticed an orc high priest
  2471 | D        | Noticed an orc high priest
  2473 | D        | Found Janapne's Magic Scroll Shop.
  2482 | D        | Killed an orc high priest
  2483 | D        | Reached skill level 15 in Long Blades
  2485 | D        | Killed an orc high priest
  2966 | D        | Bought a scroll of enchant armour for 75 gold pieces
  2966 | D        | Bought a scroll of fear for 40 gold pieces
  2966 | D        | Bought a scroll of blinking for 75 gold pieces
  2966 | D        | Bought a scroll of identify for 20 gold pieces
  2966 | D        | Bought a scroll of enchant weapon for 75 gold pieces
  2966 | D        | Bought a scroll of vulnerability for 40 gold pieces
  2966 | D        | Bought a scroll of acquirement for 520 gold pieces
  2968 | D        | Bought a +2 helmet of intelligence for 215 gold pieces
  2968 | D        | Bought a +0 pair of gloves of strength for 115 gold pieces
  2994 | D        | Bought a ring of protection from cold for 250 gold pieces
  2994 | D        | Bought a +6 ring of dexterity for 360 gold pieces
  2998 | D        | Bought a scroll of revelation for 105 gold pieces
  2998 | D        | Bought a scroll of torment for 133 gold pieces
  2998 | D        | Bought a scroll of revelation for 105 gold pieces
  2998 | D        | Bought a scroll of fog for 56 gold pieces
  2998 | D        | Bought a scroll of identify for 28 gold pieces
  2998 | D        | Bought a scroll of fog for 56 gold pieces
  3023 | D        | Acquired the +0 helmet "Zekakhops" {+Blink rC++ Int+4
                  | Dex-3}
  3085 | D        | Bought a runed great sword for 342 gold pieces
  3201 | D        | Noticed a seven-headed hydra
  3201 | D        | Noticed a boulder beetle
  3202 | D        | Noticed a seven-headed hydra
  3210 | D        | Noticed a fire giant
  3221 | D        | Noticed a spriggan air mage
  3227 | D        | Killed a three-headed hydra
  3228 | D        | Reached skill level 16 in Long Blades
  3234 | D        | Killed a fire giant
  3235 | D        | Noticed an ettin
  3241 | D        | Noticed a deep troll earth mage
  3242 | D        | Noticed a deep troll earth mage
  3249 | D        | Noticed an ettin
  3251 | D        | Killed a five-headed hydra
  3252 | D        | Reached skill level 17 in Long Blades
  3252 | D        | Reached XP level 13. HP: 50/120 MP: 0/0
  3252 | D        | Learned a level 5 spell: Summon Mana Viper
  3258 | D        | Noticed an ice dragon
  3271 | D        | Killed a spriggan air mage
  3278 | D        | Killed an ettin
  3279 | D        | Reached skill level 18 in Long Blades
  3295 | D        | Killed an ettin
  3299 | D        | Killed an ice dragon
  3300 | D        | Reached skill level 19 in Long Blades
  3642 | D        | Noticed Aizul
  3663 | D        | Killed Aizul
  3817 | D        | Noticed a seven-headed hydra
  3817 | D        | Noticed an alligator
  3817 | D        | Noticed a bunyip
  3817 | D        | Noticed an alligator
  3828 | D        | Killed an alligator
  3829 | D        | Reached skill level 20 in Long Blades
  3830 | D        | Killed a bunyip
  3845 | D        | Killed a three-headed hydra
  3854 | D        | Killed an alligator
  3855 | D        | Reached skill level 21 in Long Blades
  3865 | D        | Noticed an eleionoma
  3877 | D        | Killed an eleionoma
  4062 | D        | Noticed an entropy weaver
  4062 | D        | Noticed a broodmother
  4065 | D        | Noticed a jorogumo
  4070 | D        | Killed a broodmother
  4077 | D        | Noticed a radroach
  4157 | D        | Killed a jorogumo
  4168 | D        | Killed a radroach
  4169 | D        | Reached skill level 22 in Long Blades
  4169 | D        | Reached XP level 14. HP: 72/128 MP: 0/0
  4400 | D        | Bought a potion of curing for 39 gold pieces
  4400 | D        | Bought a potion of enlightenment for 65 gold pieces
  4400 | D        | Bought a potion of heal wounds for 65 gold pieces
  4400 | D        | Bought a potion of heal wounds for 65 gold pieces
  4400 | D        | Bought a potion of curing for 39 gold pieces
  4400 | D        | Bought a potion of enlightenment for 65 gold pieces
  4400 | D        | Bought a potion of ambrosia for 104 gold pieces
  4400 | D        | Bought a potion of brilliance for 52 gold pieces
  4400 | D        | Bought 2 potions of heal wounds for 130 gold pieces
  4400 | D        | Bought a potion of might for 52 gold pieces
  4400 | D        | Bought a potion of heal wounds for 65 gold pieces
  4435 | D        | Reached skill level 23 in Long Blades
  4867 | D        | Noticed Nessos
  4875 | D        | Killed Nessos
  4949 | D        | Noticed a stone giant
  4949 | D        | Noticed a stone giant
  4949 | D        | Noticed a frost giant
  4954 | D        | Killed a frost giant
  4955 | D        | Reached skill level 24 in Long Blades
  4961 | D        | Killed a stone giant
  4966 | D        | Killed a stone giant
  4976 | D        | Noticed a stone giant
  4983 | D        | Noticed a fire giant
  4984 | D        | HP: 4/130 [deep troll earth mage/blast of rock fragments
                  | (28)]
  5407 | D        | Killed a stone giant
  5552 | D        | Annihilated by an ettin

Illustrated notes

Levels and vault maps discovered:
D:        linesprint [early_d, line_temple, items_1, d_10, items_2, lair_1,
          lair_end, items_3, orc_1, orc_end, items_4, d_15, swamp_1, shoals_1,
          snake_1, spider_1, d_20, vaults_1, items_5, swamp_end, shoals_end,
          snake_end, spider_end, vaults_end, d_27, items_6, zot_1, zot_end,
          crypt_end, forest_end, elf_end, slime_end, tomb_end, abyss_end,
          pan_hell_end]

Skill      XL: |  1  2  3  4  5  6  7  8  9 10 11 12 13 14 |
---------------+-------------------------------------------+-----
Long Blades    | 3 4 5 6 8 9 10 12 14 17 22 24 | 24.8
Fighting       | 3 5 8 9 11 13 15 17 18 20 21 23 | 23.0
Armour         | 5 8 9 |  9.9
Dodging        | 6 9 11 | 11.3
Spellcasting   | 3 5 6 |  6.5
Conjurations   | 3 5 6 |  6.5
Hexes          | 3 5 6 |  6.5
Summonings     | 3 5 6 |  6.5
Necromancy     | 3 5 6 |  6.5
Translocations | 3 5 6 |  6.5
Transmutations | 3 5 6 |  6.5
Fire Magic     | 3 5 6 |  6.5
Ice Magic      | 3 5 6 |  6.5
Air Magic      | 3 5 6 |  6.5
Earth Magic    | 3 5 6 |  6.5
Poison Magic   | 3 5 6 |  6.5
Throwing       | |  1.5

Action                     |  1- 3 |  4- 6 |  7- 9 | 10-12 | 13-15 || total
---------------------------+-------+-------+-------+-------+-------++-------
  Melee: Long sword        |    15 |    13 |       |       |       ||    28
         Scimitar          |       |     3 |    69 |   282 |    41 ||   395
         Punch             |       |     1 |     2 |     6 |     2 ||    11
         Great sword       |       |       |       |       |   232 ||   232
   Cast: Frozen Ramparts   |       |       |       |     3 |     1 ||     4
         Wereblood         |       |       |       |     1 |     4 ||     5
 Invoke: Potion Petition   |       |       |       |     3 |     2 ||     5
         Call Merchant     |       |       |       |     2 |     2 ||     4
    Use: Potion            |     1 |     1 |     4 |     7 |     4 ||    17
         Scroll            |       |       |       |     3 |     2 ||     5
   Stab: Invisible         |       |     2 |     5 |     5 |     7 ||    19
         Distracted        |       |       |     2 |     6 |     2 ||    10
 Armour: Leather armour    |     8 |     7 |       |       |       ||    15
         Scale mail        |       |     4 |    36 |    86 |       ||   126
         Ring mail         |       |       |       |    28 |   138 ||   166
  Dodge: Dodged            |     7 |     8 |    29 |    97 |   122 ||   263
  Block: Other             |       |       |       |    13 |    35 ||    48
         Reflection        |       |       |       |       |     4 ||     4

Table legend: (Time is in decaauts)
 A = Elapsed time spent in this place.
 B = Non-inter-level travel time spent in this place.
 C = Inter-level travel time spent in this place.
 D = Time resting spent in this place.
 E = Time spent auto-exploring this place.
 F = Levels seen in this place.
 G = Mean time per level.
                   A        B        C        D        E       F      G
               +--------+--------+--------+--------+--------+-----+--------+
         Total |   5326 |   5326 |      0 |   3078 |      0 |   1 | 5326.0 |
       Dungeon |   5326 |   5326 |      0 |   3078 |      0 |   1 | 5326.0 |
               +--------+--------+--------+--------+--------+-----+--------+

Top non-repeatable levels by time:
       D: 5326 daAuts
